 Dungeon Crawl Stone Soup version 0.9.0-15-g1b13fe2 character file.

146 Lofobal the Ducker (level 3, 0/16 HPs)
             Began as a Felid Abyssal Knight on Aug 23, 2011.
             Was a Believer of Lugonu.
             Slain by a bat (1 damage)
             ... on Level 3 of the Dungeon.
             The game lasted 00:21:34 (2772 turns).

Lofobal the Ducker (Felid Abyssal Knight)           Turns: 2772, Time: 00:21:34

HP   0/16        AC  1     Str 13      XL: 3   Next: 37%
MP   6/6         EV 20     Int 13      God: Lugonu [**....]
Gold 104         SH  0     Dex 16      Spells:  0 memorised,  2 levels left
Lives: 0, deaths: 0

Res.Fire  : . . .   See Invis. : +     - Unarmed
Res.Cold  : . . .   Warding    : . . (armour unavailable)
Life Prot.: . . .   Conserve   : .   (shield unavailable)
Res.Acid. : . . .   Res.Corr.  : .   (helmet unavailable)
Res.Poison: .       Clarity    : .   (cloak unavailable)
Res.Elec. : .       Spirit.Shd : .   (gloves unavailable)
Sust.Abil.: . .     Stasis     : .   (boots unavailable)
Res.Mut.  : .       Ctrl.Telep.: .   (no amulet)
Res.Rott. : .       Levitation : .   (no ring)
Saprovore : . . .   Ctrl.Flight: .   (no ring)

@: mighty, quick, slightly resistant to hostile enchantments, fairly stealthy
A: paw claws, no armour, no advanced items, fangs 3, see invisible, carnivore 3,
speed 1, slow metabolism 2, AC +1
a: Depart the Abyss, Bend Space, Renounce Religion


You were on level 3 of the Dungeon.
You worshipped Lugonu.
Lugonu was most pleased with you.
You were full.

You visited 1 branch of the dungeon, and saw 3 of its levels.
You visited the Abyss 1 time.

You collected 84 gold pieces.

Inventory:

Comestibles
 c - a meat ration
Scrolls
 a - a scroll of enchant weapon I {unknown}
 d - a scroll of curse weapon {unknown}
 g - 2 scrolls of identify {unknown}
 i - a scroll of fear {unknown}
 k - a scroll of enchant armour {unknown}
 l - a scroll of enchant weapon II {unknown}
 m - a scroll of remove curse {unknown}
Potions
 b - a potion of speed {unknown}
 e - a potion of brilliance {unknown}
 f - 2 potions of heal wounds {unknown}
 h - a potion of might
 j - a potion of gain dexterity {unknown}


   Skills:
 + Level 3 Fighting
 + Level 5 Dodging
 + Level 1 Stealth
 + Level 2 Unarmed Combat
 + Level 2 Invocations


You had 2 spell levels left.
You didn't know any spells.

Dungeon Overview and Level Annotations

Branches:
Dungeon (3/27)

Altars:
Cheibriados


Innate Abilities, Weirdness & Mutations

You cannot wear armour.
You are incapable of any advanced item manipulation.
Your paws have sharp claws.
You have razor-sharp teeth.
You have supernaturally acute eyesight.
You are carnivorous and can eat meat at any time.
You cover ground quickly.
You are covered in fur (AC +1).
You have a slow metabolism.


Message History

Sorry, you're a carnivore.
Eat which item? (? for menu, Esc to quit)
Okay, then.
A goblin comes into view. It is wielding an orcish club.
A hobgoblin and Jessica come into view.
Jessica shouts!
Jessica zaps a wand.
You resist.
A bat comes into view.
Drink which item? (? for menu, Esc to quit)
You feel very mighty all of a sudden.
The hobgoblin shouts!
You scratch Jessica. Your bite misses Jessica.
Jessica is moderately wounded.
Jessica begins to bleed from her wounds!
Jessica shouts, "I don't like beings like you!"
Jessica zaps a wand.
You are blasted!
Ouch! That really hurt!
* * * LOW HITPOINT WARNING * * *
The bat completely misses you. The bat hits you.
You die...

#......#
#......#
#......#
#......#
#.###.##
#.# .# #.#
.
#.########
#@b......#
#g@......#
#........
#...g....
#........
#.......
##.....
.... #


You could see Jessica (bleeding), a hobgoblin, a goblin and a bat.

Vanquished Creatures
  2 giant geckos
  An ooze (D:1)
  An orc (D:2)
  A giant cockroach (D:2)
  3 goblins
  4 hobgoblins
  7 bats
  2 giant newts
  8 kobolds
  7 rats
36 creatures vanquished.

Notes
Turn   | Place    | Note
--------------------------------------------------------------
     0 | Abyss    | Lofobal, the Felid Abyssal Knight, began the quest for the Orb.
     0 | Abyss    | Reached XP level 1. HP: 9/9 MP: 2/2
    25 | Abyss    | Noticed a white ugly thing
    60 | D:1      | You pass through the gate.
   189 | D:1      | Acquired Lugonu's first power
   724 | D:1      | Reached XP level 2. HP: 11/13 MP: 3/3
   799 | D:1      | Reached skill level 5 in Dodging
   836 | D:1      | Reached skill level 1 in Stealth
  1758 | D:2      | Found a snail-covered altar of Cheibriados.
  1866 | D:2      | Reached XP level 3. HP: 12/16 MP: 6/6
  1941 | D:2      | Acquired Lugonu's second power
  2767 | D:3      | Noticed Jessica
  2772 | D:3      | Slain by a bat
